 Dungeon Crawl Stone Soup version 0.28.0-45-g0d030f2227 (webtiles) character file.

Game seed: 10740643056304911395

99 Icepheonix32 the Skirmisher (level 4, -5/35 HPs)
             Began as a Demonspawn Fighter on Apr 16, 2022.
             Killed by divine providence
             ... invoked by an orc priest
              (11 damage)
             ... on level 4 of the Dungeon.
             The game lasted 00:02:17 (1455 turns).

Icepheonix32 the Skirmisher (Demonspawn Fighter)    Turns: 1455, Time: 00:02:18

Health: -5/35      AC:  9    Str: 18    XL:     4   Next: 45%
Magic:  4/4        EV: 10    Int:  9    God:
Gold:   55         SH:  0    Dex: 13    Spells: 3/3 levels left

rFire   . . .      SeeInvis .   a - +0 war axe
rCold   . . .      Faith    .   (no shield)
rNeg    . . .      Spirit   .   b - +0 scale mail
rPois   .          Reflect  .   (no helmet)
rElec   .          Harm     .   e - +0 cloak
rCorr   .          Rampage  .   (no gloves)
Will    .....                   g - +0 pair of boots
Stlth   ..........              (no amulet)
HPRegen 0.11/turn               (no ring)
MPRegen 0.09/turn               (no ring)

@: flying
A: claws 2
a: no special abilities


You were on level 4 of the Dungeon.
You visited 1 branch of the dungeon, and saw 3 of its levels.

You collected 55 gold pieces.

Inventory:

Hand Weapons
 a - a +0 war axe (weapon)
 k - a +2 dagger of protection
Missiles
 i - 4 poisoned darts (quivered)
Armour
 b - a +0 scale mail (worn)
 c - a +0 buckler
 e - a +0 cloak (worn)
 g - a +0 pair of boots (worn)
Scrolls
 f - a scroll of summoning
Potions
 d - a potion of might
 j - a potion of flight
 m - a potion of lignification


   Skills:
 + Level 3.5 Fighting
 - Level 2.1 Axes
 + Level 3.2 Armour
 + Level 1.1 Dodging
 + Level 0.1 Stealth
 + Level 3.0 Shields
 * Level 1.5 Unarmed Combat


You had 3 spell levels left.
You didn't know any spells.
Your spell library contained the following spells:

 Spells                   Type           Power      Damage    Failure   Level
 Inner Flame              Hex/Fire       0%         N/A       98%         3
 Cause Fear               Hex            0%         N/A       100%        4
 Discord                  Hex            0%         N/A       100%        8


Dungeon Overview and Level Annotations

Branches:
Dungeon (2/15)

Altars:
Fedhas


Innate Abilities, Weirdness & Mutations

You have very sharp fingernails.


Message History

You're too confused to move!
The orc wizard points at you and mumbles some strange words.
The magic dart hits you!
The orc wizard hits you but does no damage.
The orc wizard hits you but does no damage.
The orc priest barely misses you. The orc wizard casts a spell at you.
You resist with some effort.
An orc comes into view. It is wielding a +0 flail.
You slash the orc priest!
The orc priest is heavily wounded.
The orc priest hits you but does no damage.
The goblin hits you but does no damage. The orc wizard casts a spell at you.
The puff of flame hits you!
You feel less confused.
The orc priest invokes the aid of Beogh against you.
Beogh smites you!
* * * LOW HITPOINT WARNING * * *
The goblin barely misses you.
The orc wizard mumbles some strange words.
The orc wizard flickers and vanishes!
Deactivating autopickup; reactivate with Ctrl-A.
You hit the goblin.
The goblin is heavily wounded.
The orc priest looks braver for a moment.
The goblin closely misses you.
Unknown command.
It was a potion of flight.
You feel very buoyant.
You fly up into the air.
The goblin hits you but does no damage. Something hits you but does no damage.
You barely miss the goblin.
The goblin is heavily wounded.
You closely miss the orc priest. You barely miss something.
The orc priest closely misses you. The goblin barely misses you.
Something hits you but does no damage.
The orc priest mumbles some strange prayers to Beogh against you.
Beogh smites you!
You die...

..........##
#.............# #..g
.........#
#.............# .....
.......# ......
#...##......#
......###...##.....>#
................o...#
...............g@.(.#
...............o....#
....................#
....................#
......†.............#
....................#
####+####'####......#
......###...##......#
......#.....#...)...#


You could see an orc priest, an orc and a goblin.

Vanquished Creatures
  A centaur skeleton (D:4)
  An orc wizard (D:2)
  A gnoll (D:1)
  2 dart slugs (D:1)
  3 orcs
  A ball python (D:1)
  3 bats
  3 endoplasms
  2 goblins (D:1)
  4 hobgoblins
  4 jackals (D:1)
  A quokka (D:2)
  2 frilled lizards
  A rat (D:1)
29 creatures vanquished.

Notes
Turn   | Place    | Note
-------+----------+-------------------------------------------
     0 | D:1      | Icepheonix32 the Demonspawn Fighter began the quest for the
                  | Orb.
     0 | D:1      | Reached XP level 1. HP: 18/18 MP: 1/1
   194 | D:1      | Gained mutation: You have sharp fingernails. [demonic
                  | ancestry]
   194 | D:1      | Reached XP level 2. HP: 24/24 MP: 2/2
   414 | D:1      | Found a faded altar of an unknown god.
   448 | D:1      | Gained mutation: You have very sharp fingernails. [demonic
                  | ancestry]
   448 | D:1      | Reached XP level 3. HP: 25/29 MP: 3/3
   676 | D:1      | Found a blossoming altar of Fedhas.
  1000 | D:2      | Reached skill level 1 in Dodging
  1291 | D:2      | Reached XP level 4. HP: 35/35 MP: 4/4
  1378 | D:2      | You fall into a shaft and drop 2 floors!
  1384 | D:4      | Reached skill level 1 in Unarmed Combat
  1455 | D:4      | Killed from afar by an orc priest

Illustrated notes

Levels and vault maps discovered:
D:1:      dpeg_arrival_water_altar, layout_rooms,
          hellmonk_ecumenical_altar_lost_god
D:2:      layout_basic, minivault_11, uniq_jessica
D:4:      layout_gridville, enter_ossuary_1, minmay_fractal_squares_gapless_5,
          uniq_ijyb

Skill      XL: |  1  2  3  4 |
---------------+-------------+-----
Axes           | 2 |  2.1
Armour         | 3 |  3.2
Dodging        | 1 |  1.1
Shields        | 3 |  3.0
Unarmed Combat | 1 |  1.5
Fighting       | |  3.5
Stealth        | |  0.1

Action                   |  1- 3 |  4- 6 || total
-------------------------+-------+-------++-------
Melee: War axe           |   100 |    12 ||   112
       Punch             |     1 |       ||     1
  Use: Scroll            |       |     3 ||     3
       Potion            |       |     1 ||     1
Armor: Scale mail        |    95 |    13 ||   108
Dodge: Dodged            |    74 |    12 ||    86
Block: Buckler           |    11 |       ||    11
